 Dungeon Crawl Stone Soup version 0.25-a0-388-g41a7e554cb (webtiles) character file.

Game seed: 8428218865756928523, levelgen mode: deterministic

1105 Borgoz the Cudgeler (level 8, -7/51 HPs)
             Began as a Gargoyle Fighter on Jan 7, 2020.
             Was an Initiate of Okawaru.
             Mangled by a hornet (8 damage)
             ... on level 7 of the Dungeon.
             The game lasted 00:06:24 (4907 turns).

Borgoz the Cudgeler (Gargoyle Fighter)              Turns: 4907, Time: 00:06:25

Health: -7/51      AC: 15    Str: 20    XL:     8   Next: 32%
Magic:  8/8        EV:  9    Int: 10    God:    Okawaru [......]
Gold:   339        SH:  5    Dex: 10    Spells: 7/7 levels left

rFire    . . .     SeeInvis .   a - +0 flail
rCold    . . .     Gourm    .   u - +0 buckler
rNeg     + . .     Faith    .   b - +0 scale mail
rPois    ∞         Spirit   .   (no helmet)
rElec    +         Reflect  .   (no cloak)
rCorr    .         Harm     .   h - +0 pair of gloves
MR       .....                  r - +0 pair of boots
Stlth    ..........             v - amulet of the acrobat
HPRegen  0.17/turn              (no ring)
MPRegen  0.11/turn              (no ring)

@: no status effects
A: negative energy resistance 1, electricity resistance, unbreathing,
petrification resistance, rot immunity, AC +5
a: Renounce Religion


You were on level 7 of the Dungeon.
You worshipped Okawaru.
Okawaru was noncommittal.
You were near starving.

You visited 2 branches of the dungeon, and saw 8 of its levels.

You collected 383 gold pieces.
You spent 44 gold pieces at shops.

Inventory:

Hand Weapons
 a - a +0 flail (weapon)
Armour
 b - a +0 scale mail (worn)
 c - a +0 shield
 h - a +0 pair of gloves (worn)
 r - a +0 pair of boots (worn)
 u - a +0 buckler (worn)
Jewellery
 n - an uncursed ring of fire
 v - an amulet of the acrobat (around neck)
Scrolls
 g - 3 scrolls of blinking {unknown}
 j - 5 scrolls of remove curse {unknown}
 k - 3 scrolls of enchant weapon {unknown}
 o - 3 scrolls of fear {unknown}
 p - a scroll of magic mapping {unknown}
 q - 5 scrolls of teleportation {unknown}
 s - 2 scrolls of amnesia {unknown}
 w - a scroll of noise {unknown}
 y - a scroll of summoning {unknown}
Potions
 d - 3 potions of agility
 e - 4 potions of curing
 i - a potion of cancellation
 l - 4 potions of flight
 m - a potion of heal wounds
 t - a potion of berserk rage
 x - 2 potions of haste
 A - a potion of brilliance {unknown}
Comestibles
 f - 17 rations


   Skills:
 + Level 5.6 Fighting
 * Level 6.3 Maces & Flails
 + Level 5.6 Armour
 + Level 5.7 Shields


You had 7 spell levels left.
You didn't know any spells.
Your spell library contained the following spells:

 Spells                   Type           Power        Failure   Level  Hunger
 Magic Dart               Conj           #...         69%         1    ##.....
 Blink                    Tloc           N/A          83%         2    ###....
 Call Imp                 Summ           #.......     83%         2    ###....
 Slow                     Hex            #.......     83%         2    ###....
 Conjure Flame            Conj/Fire      #.......     96%         3    ####...
 Mephitic Cloud           Conj/Pois/Air  #.......     96%         3    ####...


Dungeon Overview and Level Annotations

Branches:
Dungeon (7/15)             Temple (1/1) D:5

Altars:
Ashenzari
Cheibriados
Dithmenos
Elyvilon
Fedhas
Hepliaklqana
Kikubaaqudgha
Makhleb
Nemelex Xobeh
Okawaru
Qazlal
Ru
Sif Muna
Trog
Vehumet
Wu Jian
Yredelemnul
Zin

Shops:
D:5 **


Innate Abilities, Weirdness & Mutations

You are resistant to torment.
Your stone body is resilient. (AC +5)
You are immune to poison.
You resist negative energy. (rN+)
You are resistant to electric shocks. (rElec)
You can survive without breathing.
You are immune to petrification.
You are immune to rotting.


Message History

You closely miss the hornet.
The hornet is severely wounded.
The hornet stings you but does no damage.
You miss the hornet.
The hornet is severely wounded.
You block the hornet's attack. The hornet stings you.
You hit the hornet.
The hornet is almost dead.
The hornet closely misses you. The hornet stings you!
* * * LOW HITPOINT WARNING * * *
You miss the hornet.
The hornet is almost dead.
The hornet stings you!
* * * LOW HITPOINT WARNING * * *
You closely miss the hornet.
The hornet is almost dead.
The hornet stings you.
* * * LOW HITPOINT WARNING * * *
The hornet stings you!
You die...

. .. # ... ##.
.... #.# .....
..#
......##.###.#
.......<....#
...>.###.#.##
... #@...# .
#.y!..#
.......#
#.#.....#
...##...## ###
##.## ... .#


You could see a hornet.

Vanquished Creatures
  Sigmund (D:3)
  An ogre (D:5)
  A centaur (D:6)
  2 bullfrogs (D:6)
  A scorpion (D:6)
  A water moccasin skeleton (D:4)
  A howler monkey (D:5)
  2 crimson imps
  A hound (D:4)
  A jelly (D:6)
  3 orc wizards
  2 worker ants (D:5)
  A howler monkey zombie (D:5)
  4 gnolls
  9 adders
  2 oozes (D:2)
  5 worms
  3 dart slugs
  3 leopard geckos
  10 orcs
  4 giant cockroaches
  8 goblins
  10 hobgoblins
  7 jackals (D:3)
  8 kobolds
  3 quokkas
  5 bats
  7 frilled lizards
  A quokka zombie (D:5)
  11 rats
118 creatures vanquished.

Notes
Turn   | Place    | Note
-------+----------+-------------------------------------------
     0 | D:1      | Borgoz the Gargoyle Fighter began the quest for the Orb.
     0 | D:1      | Reached XP level 1. HP: 14/14 MP: 1/1
   178 | D:1      | Reached XP level 2. HP: 19/19 MP: 2/2
   612 | D:2      | Reached XP level 3. HP: 23/23 MP: 3/3
   903 | D:2      | Reached skill level 3 in Maces & Flails
   925 | D:2      | Reached XP level 4. HP: 22/29 MP: 4/4
  1682 | D:3      | Reached XP level 5. HP: 33/33 MP: 5/5
  1691 | D:3      | Found a bloodstained altar of Trog.
  1718 | D:3      | Noticed Sigmund
  2137 | D:3      | Killed Sigmund
  2137 | D:3      | Reached skill level 4 in Maces & Flails
  2137 | D:3      | Reached XP level 6. HP: 26/39 MP: 6/6
  2707 | D:4      | Found an ancient bone altar of Kikubaaqudgha.
  2710 | D:4      | Reached XP level 7. HP: 44/44 MP: 7/7
  2950 | D:5      | Entered Level 5 of the Dungeon
  2979 | D:5      | Found a shadowy altar of Dithmenos.
  2996 | D:5      | Reached skill level 5 in Maces & Flails
  3077 | D:5      | Reached skill level 5 in Fighting
  3077 | D:5      | Reached skill level 5 in Armour
  3077 | D:5      | Reached skill level 5 in Shields
  3300 | D:5      | Found a staircase to the Ecumenical Temple.
  3327 | Temple   | Entered the Ecumenical Temple
  3630 | D:5      | Found Quniet's Assorted Antiques.
  3634 | D:5      | Bought a scroll of identify for 44 gold pieces
  3663 | D:5      | Found Zin's Purification Station.
  3666 | D:5      | Found a glowing silver altar of Zin.
  4126 | D:6      | Reached XP level 8. HP: 12/49 MP: 8/8
  4450 | D:6      | Reached skill level 6 in Maces & Flails
  4490 | D:6      | Found an iron altar of Okawaru.
  4599 | D:6      | Became a worshipper of Warmaster Okawaru
  4888 | D:7      | Noticed a hornet
  4907 | D:7      | HP: 1/51 [hornet (4)]
  4907 | D:7      | Mangled by a hornet

Levels and vault maps discovered:
D:1:      psy_arrival_fountain, layout_basic
D:2:      layout_loops_corners
D:3:      layout_rooms, grunt_ministairs_7, bloody_trog, uniq_sigmund
D:4:      layout_cave_pools, overflow_temple_1_default, first_ration,
          sigmund_army
D:5:      layout_loops_ring, lemuel_round_altar, zin_purify,
          minmay_temple_entry_waves, serial_shops, shop, dk_rats_in_the_wall
D:6:      layout_rooms, okawaru_metal_pillars_1_2
D:7:      layout_loops_ring, xom_redecorated
Temple:   eino_temple_water

Skill      XL: |  1  2  3  4  5  6  7  8 |
---------------+-------------------------+-----
Maces & Flails | 3 4 5 6 |  6.3
Shields        | 4 5 |  5.7
Fighting       | 4 5 |  5.6
Armour         | 4 5 |  5.6

Action                   |  1- 3 |  4- 6 |  7- 9 || total
-------------------------+-------+-------+-------++-------
Melee: Flail             |   133 |   177 |   196 ||   506
  Use: Scroll            |       |     4 |     3 ||     7
       Potion            |       |     2 |       ||     2
  Eat: Chunk             |       |     6 |     6 ||    12
Armor: Scale mail        |    57 |   111 |   122 ||   290
Dodge: Dodged            |    39 |    63 |   126 ||   228
Block: Shield            |    63 |    92 |       ||   155
       Buckler           |       |     1 |    54 ||    55

Table legend:
 A = Non-vault XP
 B = Vault XP
 C = Vault XP percentage of total XP
 D = Non-vault monster count
 E = Vault monster count
 F = Vault count percentage of total count
                 A         B        C        D         E       F
            +---------+---------+-------+---------+---------+-------
      Total |    1336 |     243 |  15.4 |     110 |       8 |   6.8
            +---------+---------+-------+---------+---------+-------
        D:1 |      32 |       0 |   0.0 |      22 |       0 |   0.0
        D:2 |     122 |       0 |   0.0 |      30 |       0 |   0.0
        D:3 |      64 |     236 |  78.7 |      18 |       5 |  21.7
        D:4 |     166 |       7 |   4.0 |       9 |       3 |  25.0
        D:5 |     456 |       0 |   0.0 |      20 |       0 |   0.0
        D:6 |     496 |       0 |   0.0 |      11 |       0 |   0.0
            +---------+---------+-------+---------+---------+-------
